AoeStats
← CapitãO_PreSenÇa

Arabia

509128564Analyzed
3v3 RM · 22d ago on Sep 25, 2026· 25m 9s· 6 players
Game mode
Random Map
Map size
Normal (6 player)
Population
200
Speed
Normal
Resources
Standard
Victory
Conquest
Starting age
Dark Age
Ending age
Imperial Age
RankedLock teamsTeams togetherTeam positionsShared explorationLock speedFull tech treeHidden civsTurbo modeCheats
Victory
Defeat
🇷🇺 Italians · Russia
728
+6
🇩🇪 Magyars · Germany
690
+7
🇦🇷 Koreans · Argentina
627
+9
vs
🇳🇱 Byzantines · Netherlands
540
-9
🇧🇷 Teutons · Brazil
444
-7
🇯🇵 Varangians · Japan
424
-6
CapitãO_PreSenÇa
0:59 Loom
13:05 Feudal Age
15:19 Wheelbarrow
14:32 Double-Bit Axe
16:32 Town Watch
16:40 Horse Collar
20:22 Gold Mining
22:06 Stone Mining
27:04 Castle Age
25:21 Scale Mail Armor
25:32 Forging
24:45 Man-at-Arms
25:11 Arson
Darkrio
5:59 Loom
16:19 Feudal Age
17:41 Wheelbarrow
17:20 Double-Bit Axe
17:31 Gold Mining
17:32 Stone Mining
26:22 Castle Age
24:38 Man-at-Arms
PremixedHail436
0:34 Loom
18:48 Feudal Age
21:03 Man-at-Arms
21:29 Arson
23:09 Wheelbarrow
TheConqueror
11:12 Feudal Age
11:39 Horse Collar
13:11 Double-Bit Axe
15:57 Man-at-Arms
17:25 Scale Mail Armor
18:33 Arson
23:57 Wheelbarrow
27:13 Castle Age
25:39 Bloodlines
Jkeeeeeeeeeeeeee
0:46 Loom
9:32 Feudal Age
15:08 Castle Age
13:51 Double-Bit Axe
23:59 Fervor
Jota
2:39 Loom
14:02 Feudal Age
15:12 Stone Mining
15:04 Horse Collar
15:10 Double-Bit Axe
18:29 Gold Mining
19:08 Fletching
25:36 Castle Age
Connection lost

Rejoining the realm…

Still unreachable

The connection could not be restored.

Session expired

The server has moved on; the page needs a fresh start.